 Dungeon Crawl Stone Soup version 0.31-a0-542-gdc2a67831c (webtiles) character file.

Game seed: 16021176349343941206

732190 RepHenryClay the Conqueror (level 27, -14/224 HPs)
             Began as a Demonspawn Gladiator on Aug 13, 2023.
             Was a High Priest of Jiyva.
             Killed from afar by a hellion (24 damage)
             ... with damnation
             ... in Pandemonium on Aug 15, 2023.
             The game lasted 02:58:06 (67802 turns).

RepHenryClay the Conqueror (Demonspawn Gladiator)  Turns: 67802, Time: 02:58:07

Health: -14/224    AC: 29    Str: 18 (19) XL:     27
Magic:  0/39       EV: 35    Int: 18      God:    Jiyva [*****.]
Gold:   7093       SH:  0    Dex: 23      Spells: 26/26 levels left

rFire   + + +        b - +8 battleaxe of the Lonely People {speed, +Blink rElec rCorr Stlth+}
rCold   + + +        (shield currently unavailable)
rNeg    + . .        S - +8 pearl dragon scales of the Midnight Sun {rElec rN+ MP+9}
rPois   +            F - +0 hat of the Wilderness {Fly rC+ Str+2}
rElec   +            s - scarf {rC+ rF+}
rCorr   +            J - +0 pair of gloves "Lehabasa" {Will+}
SInv    +            (boots unavailable)
Will    +++++        Z - amulet "Mowom" {Spirit rF++ Regen+ rCorr Str+3}
Stlth   +            h - ring of Sufak {rPois rC+ Will+ Int+6}
HPRegen 2.81/turn    q - ring "Axtyanen" {rC+ Str+2 SInv}
MPRegen 0.71/turn

%: repel missiles, guardian spirit
@: flying, studying 2 skills
A: hooves 3, repulsion field 3, demonic guardian 3, hurl damnation, spiny 3,
torment resistance 1, demonic willpower, antennae 1, fangs 3, clumsy 1, deformed
body, deterioration 1, frail 1, weak 2, acidic bite, gelatinous body 3, cold
vulnerability 1, noise suppression
}: 6/15 runes: decaying, silver, abyssal, glowing, magical, gossamer
a: Hurl Damnation, Renounce Religion, Evoke Blink, Oozemancy, Slimify


You were in Pandemonium.
You worshipped Jiyva.
Jiyva was extremely pleased with you.
You visited 13 branches of the dungeon, and saw 53 of its levels.
You visited Pandemonium 1 time, and saw 7 of its levels.
You visited the Abyss 2 times.
You also visited: Trove, Ossuary, Ice Cave, Volcano and Wizlab.

You collected 8969 gold pieces.
You spent 1876 gold pieces at shops.

Inventory:

Hand Weapons
 a - a +9 executioner's axe of freezing
 b - the +8 battleaxe of the Lonely People (weapon) {speed, +Blink rElec rCorr Stlth+}
   (Okawaru gifted it to you on level 2 of the Depths)

   rElec:     It insulates you from electricity.
   +Blink:    It lets you blink.
   rCorr:     It protects you from acid and corrosion.
   Stlth+:    It makes you more stealthy.
Missiles
 d - 9 throwing nets
 e - 13 javelins (quivered)
 y - 3 silver javelins
 N - a dart of dispersal
Armour
 c - a +0 pair of gloves of dexterity
 o - the +2 hat of Ubiquitous Brilliance {rElec rC+ Dex+3}
   (You found it on level 4 of the Realm of Zot)

   Dex+3:     It affects your dexterity (+3).
   rC+:       It protects you from cold.
   rElec:     It insulates you from electricity.
 s - a scarf of resistance (worn)
 x - the +2 pair of gloves "Waageiz" {Regen+ Slay+5}
   (Okawaru gifted it to you on level 5 of the Vaults)

   Slay+5:    It affects your accuracy & damage with ranged weapons and melee
   (+5).
   Regen+:    It increases your rate of health regeneration.
 F - the +0 hat of the Wilderness (worn) {Fly rC+ Str+2}
   (Okawaru gifted it to you on level 3 of the Elven Halls)

   Str+2:     It affects your strength (+2).
   rC+:       It protects you from cold.
   Fly:       It grants you flight.
 G - the +3 chain mail of the Trout {rCorr}
   (Okawaru gifted it to you on level 4 of the Realm of Zot)

   rCorr:     It protects you from acid and corrosion.
 J - the +0 pair of gloves "Lehabasa" (worn) {Will+}
   (You found it on level 8 of the Dungeon)

   Will+:     It increases your willpower.
 S - the +8 pearl dragon scales of the Midnight Sun (worn) {rElec rN+ MP+9}
   (Okawaru gifted it to you on level 3 of the Lair of Beasts)

   rElec:     It insulates you from electricity.
   rN+:       It protects you from negative energy.
   MP+9:      It affects your magic capacity (+9).
 T - the +1 helmet of Pytwag {Will+}
   (Okawaru gifted it to you on level 4 of the Lair of Beasts)

   Will+:     It increases your willpower.
 V - the +1 pair of gloves "Miezup" {rPois Str+2 Int+3}
   (You bought it in a shop on level 2 of the Depths)

   Str+2:     It affects your strength (+2).
   Int+3:     It affects your intelligence (+3).
   rPois:     It protects you from poison
 Y - the +0 cloak of Imperfection {rElec rCorr Str+2}
   (Okawaru gifted it to you on level 4 of the Realm of Zot)

   Str+2:     It affects your strength (+2).
   rElec:     It insulates you from electricity.
   rCorr:     It protects you from acid and corrosion.
Jewellery
 h - the ring of Sufak (left hand) {rPois rC+ Will+ Int+6}
   (You found it on level 4 of the Realm of Zot)

   [ring of intelligence]

   Int+6:     It affects your intelligence (+6).
   rC+:       It protects you from cold.
   rPois:     It protects you from poison Will+: It increases your willpower.
 q - the ring "Axtyanen" (right hand) {rC+ Str+2 SInv}
   (You found it in a treasure trove)

   [ring of see invisible]

   Str+2:     It affects your strength (+2).
   rC+:       It protects you from cold.
   SInv:      It lets you see invisible.
 v - a +4 ring of slaying
 K - a ring of protection from fire
 M - the amulet of Doubt {Drain rF+ rN+ Regen+ Dex+3}
   (You found it on level 2 of the Depths)

   [amulet of regeneration]

   Dex+3:     It affects your dexterity (+3).
   rF+:       It protects you from fire.
   rN+:       It protects you from negative energy.
   Regen+:    It increases your rate of health regeneration.
   Drain:     It drains your maximum health when unequipped.
 Z - the amulet "Mowom" (around neck) {Spirit rF++ Regen+ rCorr Str+3}
   (You found it on level 2 of the Depths)

   [amulet of guardian spirit]

   Spirit:    It causes incoming damage to be divided between your reserves of
   health and magic.
   Str+3:     It affects your strength (+3).
   rF++:      It greatly protects you from fire.
   Regen+:    It increases your rate of health regeneration.
   rCorr:     It protects you from acid and corrosion.
Wands
 g - a wand of mindburst (23)
 l - a wand of roots (82)
 r - a wand of digging (19)
 H - a wand of charming (10)
 L - a wand of light (26)
Scrolls
 j - 11 scrolls of amnesia
 m - 10 scrolls of blinking
 u - 13 scrolls of teleportation
 D - 12 scrolls of fear
 I - 6 scrolls of enchant armour
 O - 7 scrolls of revelation
 P - 2 scrolls of butterflies
 Q - 11 scrolls of fog
Potions
 f - 7 potions of might
 i - 30 potions of curing
 k - 11 potions of attraction
 n - 11 potions of brilliance
 p - 10 potions of heal wounds
 t - 6 potions of enlightenment
 w - 9 potions of lignification
 z - 8 potions of magic
 A - 8 potions of ambrosia
 B - 6 potions of haste
 E - 3 potions of invisibility
 R - 7 potions of resistance
 U - 4 potions of cancellation
 W - 2 potions of berserk rage
 X - 6 potions of mutation
Miscellaneous
 C - a lightning rod (4/4)


   Skills:
 O Level 27 Fighting
 - Level 24.0 Axes
 - Level 6.0 Throwing
 - Level 24.0 Armour
 - Level 25.6 Dodging
 - Level 10.0 Invocations
 + Level 5.5 Evocations


You had 26 spell levels left.
You didn't know any spells.
Your spell library contained the following spells:

 Spells                   Type           Power      Damage    Failure   Level
 Kiss of Death            Conj/Necr      0%         2d5       41%         1
 Magic Dart               Conj           0%         1d3       41%         1
 Necrotise                Necr           0%         1d4       41%         1
 Sandblast                Erth           0%         2d4       41%         1
 Shock                    Conj/Air       0%         1d3       41%         1
 Slow                     Hex            0%         N/A       41%         1
 Sting                    Tmut/Pois      0%         1d3       41%         1
 Blink                    Tloc           0%         N/A       54%         2
 Call Imp                 Summ           0%         N/A       54%         2
 Cigotuvi's Dreadful Rot  Necr/Pois/Air  0%         N/A       54%         2
 Ensorcelled Hibernation  Hex/Ice        0%         N/A       54%         2
 Lesser Beckoning         Tloc           0%         N/A       54%         2
 Passwall                 Tmut/Erth      0%         N/A       54%         2
 Poisonous Vapours        Pois/Air       0%         N/A       54%         2
 Searing Ray              Conj           0%         2d4       54%         2
 Sublimation of Blood     Necr           0%         N/A       54%         2
 Wereblood                Tmut           0%         N/A       54%         2
 Call Canine Familiar     Summ           0%         N/A       78%         3
 Confusing Touch          Hex            0%         N/A       78%         3
 Frozen Ramparts          Ice            0%         1d1       78%         3
 Gell's Gravitas          Tloc           0%         N/A       78%         3
 Hailstorm                Conj/Ice       0%         3d3       78%         3
 Ignite Poison            Fire/Tmut/Pois 0%         N/A       78%         3
 Inner Flame              Hex/Fire       0%         N/A       78%         3
 Mephitic Cloud           Conj/Pois/Air  0%         N/A       78%         3
 Ozocubu's Armour         Ice            0%         N/A       78%         3
 Portal Projectile        Hex/Tloc       0%         N/A       78%         3
 Stone Arrow              Conj/Erth      0%         3d7       78%         3
 Swiftness                Air            0%         N/A       78%         3
 Teleport Other           Tloc           0%         N/A       78%         3
 Tukima's Dance           Hex            0%         N/A       78%         3
 Vampiric Draining        Necr           0%         2d6       78%         3
 Vhi's Electric Charge    Tloc/Air       0%         N/A       78%         3
 Anguish                  Hex/Necr       0%         N/A       99%         4
 Animate Armour           Summ/Erth      0%         N/A       99%         4
 Cause Fear               Hex            0%         N/A       99%         4
 Dispel Undead            Necr           0%         3d6       99%         4
 Flame Wave               Conj/Fire      0%         2d4       99%         4
 Fulminant Prism          Conj/Hex       0%         3d5       99%         4
 Iskenderun's Mystic Bla  Conj/Tloc      0%         2d3       99%         4
 Leda's Liquefaction      Hex/Erth       0%         N/A       99%         4
 Olgreb's Toxic Radiance  Pois           0%         N/A       99%         4
 Passage of Golubria      Tloc           0%         N/A       99%         4
 Petrify                  Tmut/Erth      0%         N/A       99%         4
 Sticky Flame             Conj/Fire      0%         2d3       99%         4
 Summon Ice Beast         Ice/Summ       0%         N/A       99%         4
 Summon Lightning Spire   Summ/Air       0%         N/A       99%         4
 Agony                    Necr           0%         N/A       100%        5
 Alistair's Intoxication  Tmut/Pois      0%         N/A       100%        5
 Arcjolt                  Conj/Air       0%         1d10      100%        5
 Borgnjor's Vile Clutch   Necr/Erth      0%         N/A       100%        5
 Freezing Cloud           Conj/Ice/Air   0%         6-21      100%        5
 Irradiate                Conj/Tmut      0%         3d11      100%        5
 Iskenderun's Battlesphe  Conj           0%         2d6       100%        5
 Lee's Rapid Deconstruct  Erth           0%         3d4*      100%        5
 Metabolic Englaciation   Hex/Ice        0%         N/A       100%        5
 Silence                  Hex/Air        0%         N/A       100%        5
 Summon Forest            Summ/Tloc      0%         N/A       100%        5
 Summon Mana Viper        Hex/Summ       0%         N/A       100%        5
 Yara's Violent Unravell  Hex/Tmut       0%         3d3       100%        5
 Death Channel            Necr           0%         N/A       100%        6
 Eringya's Noxious Bog    Tmut/Pois      0%         4d6       100%        6
 Leda's Unmaking          Conj/Erth      0%         9d1       100%        6
 Plasma Beam              Fire/Air       0%         2x1d10    100%        6
 Simulacrum               Ice/Necr       0%         N/A       100%        6
 Enfeeble                 Hex            0%         N/A       100%        7
 Haunt                    Necr/Summ      0%         N/A       100%        7
 Ozocubu's Refrigeration  Ice            0%         4d7       100%        7
 Summon Hydra             Summ           0%         N/A       100%        7
 Borgnjor's Revivificati  Necr           0%         N/A       100%        8
 Disjunction              Tloc           0%         N/A       100%        8
 Ignition                 Fire           0%         3d3       100%        8
 Lehudib's Crystal Spear  Conj/Erth      0%         10d2      100%        8
 Summon Horrible Things   Summ           0%         N/A       100%        8
 Death's Door             Necr           0%         N/A       100%        9
 Fire Storm               Conj/Fire      0%         5d1       100%        9
 Polar Vortex             Ice            0%         N/A       100%        9


Dungeon Overview and Level Annotations

Branches:
Dungeon (15/15)            Temple (1/1) D:4            Lair (5/5) D:9
  Swamp (4/4) Lair:3       Spider (4/4) Lair:3        Slime (1/5) Lair:4
    Orc (2/2) D:9             Elf (3/3) Orc:2        Vaults (5/5) D:13
  Crypt (3/3) Vaults:2       Tomb (0/3) Crypt:3      Depths (4/4) D:15
   Hell (visited)             Dis (0/7) Hell            Geh (0/7) Hell
    Coc (0/7) Hell            Tar (0/7) Hell            Zot (5/5) Depths:4
Ossuary (visited)           IceCv (visited)         Volcano (visited)
 WizLab (visited)

Altars:
Ashenzari
Cheibriados
Dithmenos
Fedhas
Gozag
Hepliaklqana
Kikubaaqudgha
Makhleb
Nemelex Xobeh
Okawaru
Qazlal
Ru
Sif Muna
Trog
Uskayaw
Vehumet
Wu Jian
Xom
Yredelemnul
Jiyva

Shops:
D:1 !   D:6 *   D:8 :   D:9 (   D:15 *   Orc:1 :   Orc:2 [[(:   Elf:1 [
Depths:2 [

Portals:
Hell: Depths:1 Depths:2 Depths:3 Depths:4
Abyss: Depths:1 Depths:3
Pandemonium: Depths:2
Ziggurat: Depths:2

Annotations:
Spider:3 1 runed translucent door, Puukheko's ghost, adept MfGl
Orc:1 2 transporters, Weterr's ghost, journeyman GrFi
Vaults:3 Mennas
Depths:1 1 transporter, Buorhat's ghost, veteran GrFi
Zot:4 2 transporters, Toid's ghost, veteran OgBe


Innate Abilities, Weirdness & Mutations

You have hooves in place of feet.
You are surrounded by a strong repulsion field. (EV +4, RMsl)
A powerful demonic guardian rushes to your aid.
You can hurl damnation.
You are completely covered in sharp spines.
You are resistant to unholy torment.
You punish those that try to bend your will. (Will+)
You have a pair of small antennae on your head.
You have razor-sharp teeth.
You are clumsy. (Dex -2)
Armour fits poorly on your strangely shaped body.
Your body sometimes deteriorates upon taking damage.
You are frail. (-10% HP)
You are very weak. (Str -4)
You have acidic saliva.
Your gelatinous body deflects attacks. (AC +3, EV +3)
You are vulnerable to cold. (rC-)
You passively dampen the noise of your surroundings.


Message History

The hellion gestures at you.
The sphere of damnation explodes!
The damnation engulfs you!!
The damnation engulfs your Hell Sentinel.
Your Hell Sentinel completely resists.
The hellion gestures at you.
The sphere of damnation explodes!
The damnation engulfs you!!
The damnation engulfs your Hell Sentinel.
Your Hell Sentinel completely resists.
You hear a hideous shriek!
Unknown command.
Huge Dmg: -50%(-113hp) hp: 50%(111hp) Unknown command.
The hellion gestures at you.
The sphere of damnation explodes!
The damnation engulfs you!!
* * * LOW HITPOINT WARNING * * *
The damnation engulfs your Hell Sentinel.
Your Hell Sentinel completely resists.
The hellion gestures at you.
The sphere of damnation explodes!
The damnation engulfs you!!
* * * LOW HITPOINT WARNING * * *
The damnation engulfs your Hell Sentinel.
Your Hell Sentinel completely resists.
The hellion gestures at you.
The sphere of damnation explodes!
The damnation engulfs you!
* * * LOW HITPOINT WARNING * * *
The damnation engulfs your Hell Sentinel.
Your Hell Sentinel completely resists.
The hellion gestures at you.
The sphere of damnation explodes!
The damnation engulfs you!!
* * * LOW HITPOINT WARNING * * *
The damnation engulfs your Hell Sentinel.
Your Hell Sentinel completely resists.
The hellion gestures at you.
The sphere of damnation explodes!
The damnation engulfs you!!
* * * LOW HITPOINT WARNING * * *
The damnation engulfs your Hell Sentinel.
Your Hell Sentinel completely resists.
The hellion gestures at you.
The sphere of damnation explodes!
The damnation engulfs you!!
You die...

#...........# #....≈≈§≈≈.......
#...........+....§§§≈§§≈≈§§.###
#...........###.§§≈≈§≈≈§≈§§....
#...........#.#.≈≈§≈≈§≈§§≈≈....
###.......###...≈≈≈§2§.2≈≈≈≈...
###...#'#.#..≈§≈≈≈2222.≈§§≈..
#####...#..≈≈≈≈&2Y §§≈..
###.....#.1§≈≈2222 §§≈..
#.......'@.≈≈≈≈222 §≈≈..
####.....#..§§≈≈22. ≈§≈§.
#..###...#...≈≈≈≈.. ≈≈.§.
#....#)#.#....≈≈≈≈≈ §≈...
#......######.§≈§≈≈ §§≈....
#........#.....§≈≈§ §§≈....
#........#.......≈§ §§.....
#........#.......≈≈ §.#'###
#........'......... .......


You could see Ocyor, 10 hellions and a friendly Hell Sentinel (summoned).

Vanquished Creatures
  Lom Lobon (Pan)
  Mnoleg (Pan)
  4 dread liches
  Khufu (Crypt:1)
  5 ancient liches
  13 orbs of fire
  The ghost of Bealaq the Black Belt, a legendary GnFE of Okawaru (Zot:1)
  A pandemonium lord (Pan)
  A juggernaut (Depths:3)
  2 royal mummies (Crypt:2)
  Vv (Crypt:3)
  4 Killer Klowns (Zot:5)
  4 curse toes
  Saint Roka (Vaults:1)
  7 golden dragons
  A bone dragon (Crypt:3)
  A profane servitor (Crypt:3)
  Arachne (Spider:2)
  An iron giant (Hell)
  3 electric golems
  2 Brimstone Fiends (Pan)
  Mlioglotl (Swamp:4)
  14 tentacled monstrosities
  An Ice Fiend (Pan)
  25 Orb Guardians (Zot:5)
  A hellephant (Hell)
  A walking earthen tome (Depths:2)
  4 liches
  Asterion (Spider:3)
  2 acid blobs (Slime:1)
  2 walking divine tomes (Depths:3)
  9 quicksilver dragons
  11 deep elf blademasters
  17 titans
  9 sphinxes
  3 death cobs
  5 deep elf master archers
  3 Executioners
  A tentacled starspawn (Abyss:4)
  Murray (Hell)
  3 ancient champions
  A fenstrider witch (Swamp:4)
  11 shadow dragons
  7 draconian monks
  15 storm dragons
  2 revenants
  The ghost of Jase the Metamorph, an adept MfSh of Trog (Swamp:3)
  Donald (Swamp:3)
  A rockslime (Slime:1)
  10 tengu reavers
  A demonspawn warmonger (Pan)
  An azure jelly (Swamp:4)
  12 vault wardens
  22 frost giants
  26 fire giants
  5 draconian knights
  5 deep elf elementalists
  6 emperor scorpions
  10 deep elf sorcerers
  4 iron dragons
  Louise (Depths:1)
  6 ghost moths
  8 draconian scorchers
  7 draconian shifters
  5 draconian annihilators
  2 orc warlords
  5 balrugs
  2 curse skulls (Crypt:2)
  14 cacodemons
  An angel (WizLab)
  5 demonspawn corrupters (Pan)
  5 ghouls
  A spriggan defender (Depths:3)
  19 stone giants
  21 ironbound preservers
  3 demonspawn blood saints (Pan)
  28 very ugly things
  4 draconian stormcallers
  4 reapers
  A formless jellyfish (Vaults:1)
  3 broodmothers
  11 vampire knights
  6 war gargoyles
  10 black draconians
  11 green draconians
  12 ironbound thunderhulks
  Nessos (D:15)
  7 eleionomae
  11 deep elf demonologists
  11 deep elf annihilators
  6 bunyips
  12 red draconians
  2 spark wasps (Spider:4)
  12 yellow draconians
  6 white draconians
  7 purple draconians
  10 dire elephants
  4 mummy priests (Crypt:2)
  6 iron golems (Hell)
  12 deep elf death magi
  An eidolon (Crypt:1)
  5 green deaths (Pan)
  Snorg (Lair:5)
  3 blizzard demons (Hell)
  A quicksilver dragon zombie (Crypt:1)
  10 ettins
  3 crystal guardians
  Josephine (D:10)
  4 entropy weavers
  2 shambling mangroves
  14 yaktaur captains
  8 fire dragons
  8 great orbs of eyes
  15 jiangshi (Crypt:3)
  5 rakshasas
  11 deep elf high priests
  A sphinx zombie (Crypt:2)
  8 peacekeepers
  13 ice dragons
  A quicksilver dragon skeleton (Vaults:5)
  31 vault guards
  13 hydras
  12 centaur warriors
  3 ghost crabs
  2 catoblepae
  A merfolk avatar (Lair:5)
  9 spriggan air magi
  6 death knights
  2 ogre magi (D:15)
  A spriggan skeleton (Crypt:2)
  9 ironbound frosthearts
  9 boulder beetles
  A sphinx skeleton (Vaults:5)
  A death scarab (Depths:1)
  7 tengu warriors
  A death yak (Lair:4)
  13 two-headed ogres
  5 vampire magi
  20 dancing weapons
  4 deep troll shamans
  An orc high priest (Orc:1)
  9 alligators
  A titan zombie (Crypt:2)
  5 hell hogs
  6 deep troll earth magi
  The ghost of bcImEvil the Digger, a novice HuWn of Cheibriados (D:8)
  6 thrashing horrors (Abyss:4)
  11 demonic crawlers
  5 soul eaters
  12 deep elf knights
  5 spriggan berserkers
  18 sun demons
  13 hell knights
  3 shadow wraiths
  3 wretched stars (Abyss:4)
  9 pharaoh ants
  37 skeletal warriors
  A fire crab (Volcano)
  12 sixfirhies
  A titan skeleton (Crypt:3)
  8 iron trolls
  2 storm dragon skeletons
  4 shadow demons (Pan)
  A golden dragon zombie (Crypt:2)
  2 spatial maelstroms (Abyss:4)
  A salamander mystic (Depths:4)
  9 goliath frogs
  A skyshark (Lair:3)
  19 orb spiders
  50 deep trolls
  2 sun moths (Spider:2)
  12 deep elf archers
  7 bog bodies
  4 spriggan druids
  A glowing orange brain (Vaults:3)
  11 flayed ghosts
  2 anaconda zombies
  16 phantasmal warriors
  6 swamp dragons
  Pikel (D:8)
  3 steelbarb worms
  23 wizards
  16 orc knights
  18 deep elf zephyrmancers
  6 lindwurms
  22 ironbound convokers
  48 ugly things
  A steelbarb worm (shapeshifter) (Vaults:5)
  A fenstrider witch simulacrum (Hell)
  33 deep elf pyromancers
  7 will-o-the-wisps
  3 orc sorcerers (Orc:2)
  2 harpies
  3 shining eyes
  11 necromancers
  6 cyclopes
  7 manticores
  An oklob plant (Lair:2)
  6 salamanders
  6 spectral spriggans (Swamp:2)
  32 wolf spiders
  3 ice statues
  20 moths of wrath
  A shadow dragon skeleton (Crypt:3)
  3 black mambas
  Joseph (D:7)
  12 molten gargoyles
  An eye of devastation (Depths:2)
  13 vault sentinels
  11 orange demons
  10 gargoyles
  2 rust devils
  8 torpor snails
  13 rime drakes
  9 cane toads
  21 smoke demons
  2 torpor snails (shapeshifter) (Vaults:5)
  3 unseen horrors (D:12)
  9 komodo dragons
  Maggie (D:6)
  A dire elephant skeleton (Crypt:2)
  A shock serpent skeleton (Crypt:2)
  5 tengu conjurers
  6 ice devils
  A swamp worm zombie (Crypt:2)
  2 kobold demonologists (D:12)
  15 freezing wraiths
  27 yaktaurs
  A tormentor (Pan)
  An anaconda simulacrum (Crypt:1)
  A catoblepas skeleton (Crypt:1)
  An efreet (Pan)
  2 red devils (Pan)
  3 guardian mummies
  9 trolls
  2 polar bears
  A bloated husk (Swamp:2)
  16 hellwings (Pan)
  A harpy zombie (Crypt:1)
  26 hornets
  4 raiju (Abyss:4)
  6 meliai
  6 tyrant leeches
  A death drake skeleton (Crypt:1)
  29 tarantellas
  18 blink frogs
  3 wind drakes (Lair:5)
  4 dream sheep (Lair:4)
  A boulder beetle zombie (Crypt:1)
  An iron dragon simulacrum (Crypt:3)
  2 slime creatures (shapeshifter) (Vaults:5)
  A jumping spider zombie (Crypt:1)
  52 flying skulls
  2 air elementals
  32 jumping spiders
  19 culicivoras
  An ettin skeleton (Crypt:1)
  A vampire (D:8)
  4 shadows
  3 water elementals
  25 slime creatures
  3 ynoxinuls (Pan)
  Sigmund (D:6)
  14 wraiths
  15 spriggans
  9 fire bats
  7 wyverns
  15 small abominations
  3 basilisks
  4 chaos spawn
  36 yaks
  12 neqoxecs
  Eustachio (D:6)
  24 starcursed masses (Abyss:4)
  41 large abominations
  A redback (shapeshifter) (Vaults:5)
  6 fire elementals
  5 steam dragons
  3 spatial vortices (Abyss:4)
  15 vampire mosquitoes
  A yaktaur simulacrum (Vaults:5)
  79 redbacks
  Menkaure (D:5)
  3 swamp worm simulacra (Swamp:4)
  A harpy simulacrum (Crypt:3)
  4 wargs
  21 swamp worms
  10 hell hounds
  15 hydra simulacra (Swamp:4)
  13 water moccasins
  A demonspawn skeleton (Crypt:1)
  A floating eye (Depths:2)
  5 swamp drakes
  Pargi (D:4)
  5 ice beasts
  65 orc warriors
  4 black bears
  3 sky beasts
  6 boggarts
  A manticore zombie (Crypt:1)
  12 ogres
  12 centaurs
  An elephant skeleton (Crypt:2)
  30 wolves
  A lemure (D:8)
  A phantom (D:6)
  2 kobold brigands
  15 bullfrogs
  6 earth elementals
  4 human skeletons
  2 gnoll sergeants
  3 necrophages (Crypt:3)
  4 scorpions
  6 wights
  A cyclops skeleton (Crypt:2)
  A troll zombie (Ossuary)
  A lindwurm simulacrum (IceCv)
  3 killer bees (D:10)
  5 electric eels
  5 howler monkeys
  6 human zombies
  7 komodo dragon simulacra (IceCv)
  3 centaur zombies
  3 hounds
  An iron imp (Abyss:4)
  29 orc priests
  3 gnoll boudas
  A jelly (D:7)
  38 orc wizards
  A sleepcap (D:6)
  4 iguanas
  A boggart zombie (Crypt:2)
  12 hell rats (Hell)
  2 lightning spires (WizLab)
  A polar bear simulacrum (Lair:4)
  2 ogre zombies (Ossuary)
  11 mummies
  Robin (D:3)
  2 naga simulacra (Lair:4)
  4 acid dragon simulacra (IceCv)
  19 gnolls
  5 adders
  3 white imps
  An ufetubus (Vaults:2)
  9 steam dragon simulacra (IceCv)
  5 swamp drake simulacra (Swamp:4)
  A jelly zombie (Crypt:2)
  6 adder zombies (Ossuary)
  A dart slug (D:4)
  151 orcs
  4 ball pythons
  6 endoplasms
  A gnoll zombie (Ossuary)
  11 goblins
  8 hobgoblins
  2 jackals (D:3)
  A quokka (D:3)
  2 bats (D:2)
  3 frilled lizards
  3 goblin zombies (Ossuary)
  5 hobgoblin zombies (Ossuary)
  14 kobolds
  2 kobold zombies (Ossuary)
  6 quokka zombies (Ossuary)
  8 rats
  A rat zombie (Ossuary)
  A river rat skeleton (Crypt:1)
  2 starspawn tentacles (Abyss:4)
2914 creatures vanquished.

Vanquished Creatures (collateral kills)
  Geryon (Hell)
  A tentacled monstrosity (Pan)
  A tentacled starspawn (Abyss:4)
  3 very ugly things (Pan)
  An iron golem (Hell)
  A demonic crawler (Abyss:4)
  2 hell hogs (Hell)
  3 hell knights (Hell)
  An ugly thing (Pan)
  A rust devil (Hell)
  2 molten gargoyles (Hell)
  A ynoxinul (Pan)
  A neqoxec (Pan)
19 creatures vanquished.

Vanquished Creatures (others)
  An eldritch tentacle (Pan)
  A draconian knight (Zot:1)
  A fire giant (Crypt:2)
  A cacodemon (Pan)
  A balrug (Pan)
  A demonspawn blood saint (Pan)
  A purple draconian (Zot:4)
  An iron golem (Hell)
  2 great orbs of eyes (Pan)
  An alligator (Swamp:1)
  3 deep elf knights (Elf:3)
  An iron troll (Vaults:5)
  3 glowing orange brains (Abyss:4)
  A bog body (Swamp:1)
  A deep elf zephyrmancer (Elf:2)
  2 shining eyes (Abyss:4)
  A vault sentinel (Vaults:5)
  A cane toad (shapeshifter) (Pan)
  A yaktaur (Vaults:3)
  A tengu conjurer (D:14)
  4 bloated husks
  A hornet (Swamp:2)
  8 slime creatures (Abyss:4)
  A jumping spider (Spider:1)
  4 large abominations (Abyss:4)
  A spriggan (Swamp:3)
  6 golden eyes
  A redback (Spider:2)
  2 floating eyes
  A necrophage (Crypt:3)
  A wight (D:7)
  2 small abominations (Abyss:4)
  77 jellies
  An orc priest (Orc:2)
  A starcursed mass (Abyss:4)
  An ufetubus (Abyss:4)
  36 foxfires
  A lurking horror (Abyss:4)
  2 starspawn tentacles (Abyss:4)
177 creatures vanquished.

Grand Total: 3110 creatures vanquished

Notes
Turn   | Place    | Note
-------+----------+-------------------------------------------
     0 | D:1      | RepHenryClay the Demonspawn Gladiator began the quest for
                  | the Orb.
     0 | D:1      | Reached XP level 1. HP: 16/16 MP: 1/1
    90 | D:1      | Found Cuhicin's Distillery.
   474 | D:1      | Gained mutation: You are surrounded by a mild repulsion
                  | field. (EV +2) [demonic ancestry]
   474 | D:1      | Reached XP level 2. HP: 21/21 MP: 2/2
   497 | D:1      | Reached skill level 1 in Armour
  1058 | D:2      | Found a faded altar of an unknown god.
  1120 | D:2      | Reached XP level 3. HP: 25/27 MP: 3/3
  1518 | D:3      | Noticed Robin
  1584 | D:3      | Killed Robin
  1749 | D:3      | Gained mutation: You are surrounded by a moderate repulsion
                  | field. (EV +3) [demonic ancestry]
  1749 | D:3      | Reached XP level 4. HP: 33/33 MP: 4/4
  2283 | D:4      | Gained mutation: You have large cloven feet. [demonic
                  | ancestry]
  2283 | D:4      | Reached XP level 5. HP: 14/38 MP: 5/5
  2592 | D:4      | Found a staircase to the Ecumenical Temple.
  2602 | Temple   | Entered the Ecumenical Temple
  2619 | Temple   | Became a worshipper of Warmaster Okawaru
  2775 | D:4      | Noticed Pargi
  2783 | D:4      | Killed Pargi
  2963 | D:4      | Gained mutation: You are surrounded by a strong repulsion
                  | field. (EV +4, RMsl) [demonic ancestry]
  2963 | D:4      | Reached XP level 6. HP: 26/44 MP: 7/9
  3071 | D:5      | Entered Level 5 of the Dungeon
  3078 | D:5      | Reached skill level 5 in Invocations
  3192 | D:5      | Reached skill level 5 in Axes
  3227 | D:5      | Noticed Menkaure
  3231 | D:5      | Gained mutation: You are frail. (-10% HP) [potion of
                  | mutation]
  3231 | D:5      | Gained mutation: You expend magic power (3 MP) to
                  | strengthen your wands. [potion of mutation]
  3236 | D:5      | Gained mutation: A weak demonic guardian rushes to your
                  | aid. [demonic ancestry]
  3236 | D:5      | Reached XP level 7. HP: 41/45 MP: 10/10
  3239 | D:5      | Killed Menkaure
  3239 | D:5      | Reached * piety under Okawaru
  3255 | D:5      | You fall into a shaft and drop 1 floor!
  3255 | D:6      | Found a shimmering altar of Xom.
  3255 | D:6      | Found an ornate altar of the Wu Jian Council.
  3255 | D:6      | Found a shadowy altar of Dithmenos.
  3255 | D:6      | Found an ornate altar of the Wu Jian Council.
  3614 | D:5      | Reached XP level 8. HP: 26/50 MP: 8/11
  4049 | D:5      | Found a hide-covered altar of Uskayaw.
  4096 | D:6      | Noticed Eustachio
  4114 | D:6      | Killed Eustachio
  4114 | D:6      | Reached ** piety under Okawaru
  4257 | D:6      | Noticed Maggie
  4985 | D:7      | Reached skill level 10 in Axes
  4985 | D:7      | Gained mutation: You have hoof-like feet. [demonic
                  | ancestry]
  4985 | D:7      | Reached XP level 9. HP: 25/54 MP: 12/12
  5171 | D:7      | Identified the +0 robe "Kuphel" {+Blink Will+ Dex+3}
  5217 | D:7      | Noticed Joseph
  5229 | D:7      | Killed Joseph
  5500 | D:8      | Reached *** piety under Okawaru
  5584 | D:8      | Found a sand-covered staircase.
  5588 | Ossuary  | Entered an ossuary
  6123 | D:8      | Found a runed translucent gate.
  6123 | D:8      | Found a runed translucent gate.
  6123 | D:8      | Found a runed translucent gate.
  6126 | D:8      | Noticed bcImEvil's ghost (novice HuWn)
  6268 | D:8      | Found Pem Qoek's Book Boutique.
  6430 | D:8      | Noticed Pikel
  6453 | D:8      | Killed Pikel
  6453 | D:8      | Reached **** piety under Okawaru
  6882 | D:8      | Reached XP level 10. HP: 60/60 MP: 13/13
  7179 | D:8      | Identified the +0 pair of gloves "Lehabasa" {Will+}
  7638 | D:9      | Identified a scroll of acquirement
  7639 | D:9      | Acquired a +1 broad axe of flaming
  7687 | D:9      | Found a staircase to the Orcish Mines.
  7696 | D:9      | Reached ***** piety under Okawaru
  7862 | D:9      | Found a staircase to the Lair.
  8189 | D:9      | Noticed a moth of wrath
  8192 | D:9      | Found a bloodstained altar of Trog.
  8248 | D:9      | Identified the +7 whip "Exucatz" {freeze, *Rage rF+++ rCorr
                  | Str+3}
  8533 | D:9      | Found a broken altar of Ashenzari.
  8534 | D:9      | Found a sparkling altar of Nemelex Xobeh.
  8534 | D:9      | Found a snail-covered altar of Cheibriados.
  8549 | D:9      | Found a shadowy altar of Dithmenos.
  8574 | D:9      | Found Cunwoeb's Weapon Shoppe.
  8707 | D:6      | Noticed Sigmund
  8713 | D:6      | Killed Sigmund
  8713 | D:6      | Received a gift from Okawaru
  8714 | D:6      | Reached XP level 11. HP: 58/64 MP: 14/14
  8789 | D:6      | Found Loduoca's Mail-Order Catalogue.
  8815 | D:6      | Killed Maggie
  9209 | Lair:1   | Entered Level 1 of the Lair of Beasts
  9243 | Lair:1   | Found a dark tunnel.
  9248 | Volcano  | Entered a volcano
  9352 | Volcano  | Noticed a fire crab
  9372 | Volcano  | Killed a fire crab
  9373 | Volcano  | Reached skill level 5 in Dodging
  9430 | Volcano  | Noticed a hell hog
  9435 | Volcano  | Killed a hell hog
  9444 | Volcano  | Reached skill level 15 in Axes
  9468 | Volcano  | Lost mutation: You are frail. (-10% HP) [potion of
                  | mutation]
  9468 | Volcano  | Lost mutation: You expend magic power (3 MP) to strengthen
                  | your wands. [potion of mutation]
  9468 | Volcano  | Gained mutation: You are weak. (Str -2) [potion of
                  | mutation]
  9468 | Volcano  | Gained mutation: You passively dampen the noise of your
                  | surroundings. [potion of mutation]
  9468 | Volcano  | Gained mutation: You are covered in fur. (AC +1) [potion of
                  | mutation]
  9468 | Volcano  | Gained mutation: You are partially covered in large bone
                  | plates. (SH +4) [potion of mutation]
  9574 | Lair:1   | Identified the +1 buckler of Hairiness {Str+3} (Okawaru
                  | gifted it to you on level 1 of the Lair of Beasts)
  9574 | Lair:1   | Received a gift from Okawaru
 10641 | Lair:2   | Noticed a catoblepas
 10653 | Lair:2   | Killed a catoblepas
 10737 | Lair:2   | Reached skill level 3 in Fighting
 10835 | Lair:2   | Noticed an oklob plant
 10900 | Lair:2   | Noticed a six-headed hydra
 10910 | Lair:2   | Killed a one-headed hydra
 10911 | Lair:2   | Gained mutation: You are partially covered in sharp spines.
                  | [demonic ancestry]
 10911 | Lair:2   | Reached XP level 12. HP: 70/83 MP: 15/15
 11526 | Lair:2   | Reached skill level 4 in Fighting
 11648 | Lair:3   | Received a gift from Okawaru
 11670 | Lair:3   | Found a hole to the Spider Nest.
 11840 | Lair:3   | Reached skill level 5 in Fighting
 11990 | Lair:3   | Noticed an eight-headed hydra
 12002 | Lair:3   | Killed a three-headed hydra
 12058 | Lair:3   | Noticed a five-headed hydra
 12071 | Lair:3   | Killed a one-headed hydra
 12160 | Lair:3   | Identified the +8 pearl dragon scales of the Midnight Sun
                  | {rElec rN+ MP+9} (Okawaru gifted it to you on level 3 of
                  | the Lair of Beasts)
 12160 | Lair:3   | Received a gift from Okawaru
 12417 | Lair:3   | Found a staircase to the Swamp.
 12419 | Lair:3   | Noticed a four-headed hydra
 12423 | Lair:3   | Killed a one-headed hydra
 12423 | Lair:3   | Reached ****** piety under Okawaru
 12567 | Lair:4   | Reached skill level 5 in Armour
 12598 | Lair:4   | Gained mutation: You punish those that try to bend your
                  | will. (Will+) [demonic ancestry]
 12598 | Lair:4   | Reached XP level 13. HP: 91/93 MP: 16/16
 13222 | Lair:4   | Identified the +1 helmet of Pytwag {Will+} (Okawaru gifted
                  | it to you on level 4 of the Lair of Beasts)
 13222 | Lair:4   | Received a gift from Okawaru
 13355 | Lair:4   | Found a viscous altar of Jiyva.
 13355 | Lair:4   | Found a staircase to the Slime Pits.
 13504 | Lair:4   | Identified the ring of Byepre {Ice rN+ Int+4}
 13543 | Lair:5   | Entered Level 5 of the Lair of Beasts
 13543 | Lair:5   | Noticed Snorg
 13555 | Lair:5   | Killed Snorg
 13591 | Lair:5   | Reached skill level 10 in Armour
 13644 | Lair:4   | Reached skill level 6 in Fighting
 13866 | Lair:5   | Received a gift from Okawaru
 14022 | Lair:5   | Got Sif Muna's Quarto of Numb Misfortune
 14562 | Orc:1    | Entered Level 1 of the Orcish Mines
 14715 | Orc:2    | Entered Level 2 of the Orcish Mines
 14767 | Orc:2    | Reached XP level 14. HP: 90/101 MP: 17/17
 14830 | Orc:2    | Found Qom Pexucvij's Armour Boutique.
 15085 | Orc:2    | Noticed an orc warlord
 15098 | Orc:2    | Killed an orc warlord
 15099 | Orc:2    | Reached skill level 7 in Fighting
 15206 | Orc:2    | Found Cotoicwou's Antique Armour Shoppe.
 15207 | Orc:2    | Found Dukaf's Antique Weapon Emporium.
 15222 | Orc:2    | Bought a pair of embroidered gloves for 240 gold pieces
 15401 | Orc:2    | Found a staircase to the Elven Halls.
 15463 | Orc:2    | Found Huozoer's Book Boutique.
 15571 | Orc:1    | Noticed Weterr's ghost (journeyman GrFi)
 15573 | Orc:1    | Found a transporter.
 15796 | Orc:1    | Received a gift from Okawaru
 15928 | Orc:1    | Found Inaxim's Book Emporium.
 15941 | Orc:1    | Found a transporter.
 16077 | Orc:1    | Bought a manual of Axes for 1200 gold pieces
 16138 | D:10     | Entered Level 10 of the Dungeon
 16162 | D:10     | Found a burning altar of Makhleb.
 16189 | D:10     | Noticed Josephine
 16207 | D:10     | Killed Josephine
 16207 | D:10     | Received a gift from Okawaru
 16207 | D:10     | Found the +2 hat of the Bear Spirit {Spirit, Bear, *Rage
                  | Will++}
 17701 | D:12     | Found a frozen archway.
 17722 | IceCv    | Entered an ice cave
 17831 | IceCv    | Identified the +6 leather armour "Zaikkono" {rPois Dex+3}
 18519 | D:12     | Found a blossoming altar of Fedhas.
 18948 | D:13     | Reached XP level 15. HP: 110/110 MP: 18/18
 19047 | D:13     | Reached XP level 16. HP: 110/116 MP: 19/19
 19088 | D:13     | Reached skill level 8 in Fighting
 19303 | D:13     | Received a gift from Okawaru
 19640 | D:13     | Found a gate to the Vaults.
 20083 | D:14     | Found a radiant altar of Vehumet.
 20527 | D:14     | Noticed a sphinx
 20534 | D:14     | Killed a sphinx
 20563 | D:14     | Noticed a tengu reaver
 20572 | D:14     | Reached skill level 10 in Dodging
 20583 | D:14     | Killed a tengu reaver
 20584 | D:14     | Reached skill level 9 in Fighting
 20613 | D:14     | Got the Handbook of Shapeshifting and Fulmination
 20973 | D:15     | Entered Level 15 of the Dungeon
 21057 | D:15     | Identified the +0 robe of Histrionic Surprise {*Slow rF++
                  | Int+6} (Okawaru gifted it to you on level 15 of the
                  | Dungeon)
 21057 | D:15     | Received a gift from Okawaru
 21200 | D:15     | Found Efeeneb's Assorted Antiques.
 21263 | D:15     | Found a blossoming altar of Fedhas.
 21305 | D:15     | Found a staircase to the Depths.
 21362 | D:15     | Noticed Nessos
 21395 | D:15     | Killed Nessos
 21510 | D:15     | Reached skill level 10 in Fighting
 22011 | D:8      | Killed bcImEvil's ghost
 22170 | Spider:1 | Entered Level 1 of the Spider Nest
 23672 | Spider:1 | Reached skill level 5 in Throwing
 23792 | Spider:1 | Received a gift from Okawaru
 23906 | Spider:1 | Reached XP level 17. HP: 123/128 MP: 20/20
 23937 | Spider:1 | Received a gift from Okawaru
 24502 | Spider:2 | Got the Discursus on Transportation
 24514 | Spider:2 | Noticed Arachne
 24536 | Spider:2 | Killed Arachne
 25001 | Spider:2 | Identified the +0 robe of Baldness {Rampage +Blink}
 25240 | Spider:2 | Reached skill level 15 in Armour
 25740 | Spider:3 | Found a runed translucent door.
 25780 | Spider:3 | Noticed Puukheko's ghost (adept MfGl)
 26118 | Spider:3 | Identified the +8 quarterstaff "Hecol" {vamp, rF- Str+5}
                  | (Okawaru gifted it to you on level 3 of the Spider Nest)
 26118 | Spider:3 | Received a gift from Okawaru
 26445 | Spider:3 | Noticed Asterion
 26453 | Spider:3 | Killed Asterion
 26879 | Spider:4 | Entered Level 4 of the Spider Nest
 26942 | Spider:4 | HP: 4/128 [disintegration (56)]
 27242 | Spider:4 | Received a gift from Okawaru
 27485 | Spider:4 | Identified the +7 battleaxe of Ucoutacw {drain, rF- rN+
                  | MP+9} (Okawaru gifted it to you on level 4 of the Spider
                  | Nest)
 27485 | Spider:4 | Received a gift from Okawaru
 27791 | Spider:4 | Gained mutation: You are mostly covered in sharp spines.
                  | [demonic ancestry]
 27791 | Spider:4 | Reached XP level 18. HP: 128/135 MP: 21/21
 28160 | Spider:4 | Received a gift from Okawaru
 28567 | Spider:4 | Received a gift from Okawaru
 28715 | Spider:4 | Got a gossamer rune of Zot
 28901 | Swamp:1  | Entered Level 1 of the Swamp
 29036 | Swamp:1  | Identified the +6 chain mail of the Falcon {rElec rPois}
                  | (Okawaru gifted it to you on level 1 of the Swamp)
 29036 | Swamp:1  | Received a gift from Okawaru
 29362 | Swamp:1  | Noticed a tentacled monstrosity
 29369 | Swamp:1  | Killed a tentacled monstrosity
 29429 | Swamp:1  | Found a bloodstained altar of Trog.
 30625 | Swamp:3  | Found a runed translucent door.
 30626 | Swamp:3  | Noticed Jase's ghost (adept MfSh)
 30630 | Swamp:3  | Identified the +3 trident "Yrixtav" {venom, Str+6}
 30635 | Swamp:3  | Identified the +9 plate armour "Iguehais" {rC++ Int+2}
 30790 | Swamp:3  | Received a gift from Okawaru
 31090 | Swamp:3  | Received a gift from Okawaru
 31402 | Swamp:4  | Entered Level 4 of the Swamp
 31402 | Swamp:4  | Noticed Donald
 31420 | Swamp:3  | Killed Donald
 31651 | Swamp:4  | Identified the +0 ring mail of Disguise {Will+}
 31785 | Swamp:4  | Reached XP level 19. HP: 126/140 MP: 22/22
 31840 | Swamp:4  | Noticed Mlioglotl
 31845 | Swamp:4  | Gained mutation: You have hidden genetic potential. [a
                  | shining eye]
 31853 | Swamp:4  | Killed Mlioglotl
 32368 | Swamp:4  | Received a gift from Okawaru
 32462 | Swamp:4  | Got a decaying rune of Zot
 32868 | Vaults:1 | Entered Level 1 of the Vaults
 33197 | Vaults:1 | Noticed Saint Roka
 33209 | Vaults:1 | Killed Saint Roka
 33266 | Vaults:1 | Received a gift from Okawaru
 33402 | Vaults:1 | Reached skill level 11 in Fighting
 33532 | Vaults:1 | Received a gift from Okawaru
 33819 | Vaults:1 | Found a portal to a secret trove of treasure.
 34945 | Vaults:1 | You paid a toll of +5 fire dragon scales to enter a
                  | treasure trove
 34946 | Trove    | Entered a treasure trove
 34950 | Trove    | Identified the ring "Axtyanen" {rC+ Str+2 SInv}
 34954 | Trove    | Identified the amulet of Circularity {Spirit Dex+3}
 34956 | Trove    | Identified the amulet of Cafeq {Spirit Harm Will+ Stlth+}
 34960 | Trove    | Identified the ring of Sovereignty {Ice Str+4}
 34961 | Trove    | Identified the ring "Vadiask" {rN+ Str+2}
 34972 | Trove    | Identified the ring of Gimurgh {Wiz Dex+3}
 34973 | Trove    | Identified the amulet "Pysiept" {RegenMP *Corrode rElec
                  | Will+ Int+4}
 35051 | Vaults:2 | Received a gift from Okawaru
 35490 | Swamp:3  | Killed Jase's ghost
 35516 | Swamp:3  | Identified the +0 pair of boots of Vanity {Dex+2}
 36474 | Vaults:2 | Got the Lectures on the Hurtful Grave
 36514 | Vaults:2 | Gained mutation: You have hooves in place of feet. [demonic
                  | ancestry]
 36514 | Vaults:2 | Reached XP level 20. HP: 152/152 MP: 23/23
 36521 | Vaults:2 | Reached skill level 15 in Dodging
 36593 | Vaults:2 | Found a staircase to the Crypt.
 36604 | Vaults:2 | Gained mutation: You have a pair of small antennae on your
                  | head. [hidden potential]
 36982 | Vaults:3 | Identified the +8 plate armour of Aduketel {rElec Str+2}
 37201 | Vaults:3 | Received a gift from Okawaru
 37564 | Vaults:3 | You fall into a shaft and drop 1 floor!
 37669 | Vaults:4 | Received a gift from Okawaru
 37731 | Vaults:4 | Received a gift from Okawaru
 38263 | Vaults:3 | Noticed Mennas
 38984 | Vaults:4 | Received a gift from Okawaru
 39059 | Vaults:4 | Gained mutation: A demonic guardian rushes to your aid.
                  | [demonic ancestry]
 39059 | Vaults:4 | Reached XP level 21. HP: 133/158 MP: 24/24
 39065 | Vaults:4 | Received a gift from Okawaru
 39075 | Vaults:4 | Gained mutation: You are robust. (+10% HP) [hidden
                  | potential]
 39075 | Vaults:4 | Lost mutation: You have hidden genetic potential. [hidden
                  | potential expressed]
 39522 | Depths:1 | Entered Level 1 of the Depths
 39580 | Depths:1 | Identified the +0 scale mail of Weightlessness {+Inv rCorr}
                  | (Okawaru gifted it to you on level 1 of the Depths)
 39580 | Depths:1 | Received a gift from Okawaru
 39791 | Elf:1    | Entered Level 1 of the Elven Halls
 40167 | Elf:1    | Found Hypokiono's Armour Shop.
 40669 | Abyss:4  | Cast into level 4 of the Abyss (+3 flail of distortion)
 40810 | Abyss:4  | Gained mutation: Your magical capacity is low. (-10% MP) [a
                  | neqoxec]
 40923 | Elf:2    | Escaped the Abyss
 41185 | Elf:2    | Found a runed translucent gate.
 41185 | Elf:2    | Found a runed translucent gate.
 41189 | Elf:2    | Found a runed translucent gate.
 41430 | Elf:2    | Received a gift from Okawaru
 41874 | Elf:3    | Entered Level 3 of the Elven Halls
 41940 | Elf:3    | Found a magical portal.
 41944 | WizLab   | Entered Maxwell's Workshop
 42043 | WizLab   | Identified the ring of Leimoikh {Fire Dex+4}
 42409 | WizLab   | Received a gift from Okawaru
 43154 | Elf:3    | Identified the +0 hat of the Wilderness {Fly rC+ Str+2}
                  | (Okawaru gifted it to you on level 3 of the Elven Halls)
 43154 | Elf:3    | Received a gift from Okawaru
 43155 | Elf:3    | Reached XP level 22. HP: 181/181 MP: 23/23
 43408 | Elf:3    | Found the +8 longbow "Zephyr" {speed, Dex+3 SInv}
 43477 | Elf:3    | Reached skill level 12 in Fighting
 43482 | Elf:3    | Acquired the +1 pair of gloves of Parts Unknown {Regen+
                  | SInv}
 43652 | Elf:3    | Identified the +3 mace of Zupokhlo {freeze, rC+}
 43653 | Elf:3    | Identified the +2 hand axe "Uku Teox" {flame, Drain rPois
                  | rF+ rN+}
 43967 | Elf:3    | Got Sif Muna's Omnibus of Lithomancy
 43977 | Elf:3    | Identified the +0 chain mail of Pride {rC+}
 44103 | Elf:3    | Got Noaxip's Octavo of Dusty Arson
 44501 | Depths:1 | Found a transporter.
 44612 | Depths:1 | Found a gateway to Hell.
 44638 | Depths:1 | Found a one-way gate to the infinite horrors of the Abyss.
 44643 | Depths:1 | Noticed Louise
 44660 | Depths:1 | Killed Louise
 44714 | Depths:1 | Found a transporter.
 44716 | Depths:1 | Noticed Buorhat's ghost (veteran GrFi)
 45419 | Depths:2 | Found the amulet of the Air {Inacc Air Fly rElec RMsl}
 45442 | Depths:2 | Received a gift from Okawaru
 45539 | Depths:2 | Found Jatucot's Armour Emporium.
 45547 | Depths:2 | Bought the +1 pair of gloves "Miezup" {rPois Str+2 Int+3}
                  | for 436 gold pieces
 45547 | Depths:2 | Identified the +0 scale mail "Jibuikeost" {+Inv}
 45575 | Depths:2 | Found a one-way gateway to a ziggurat.
 45581 | Depths:2 | Paralysed by a floating eye for 4 turns
 45588 | Depths:2 | Reached skill level 13 in Fighting
 45799 | Depths:2 | Received a gift from Okawaru
 45899 | Depths:2 | Found a transporter.
 46045 | Depths:2 | Found a one-way gate leading to the halls of Pandemonium.
 46144 | Depths:2 | Found a transporter.
 46211 | Depths:2 | Identified the +8 battleaxe of the Lonely People {speed,
                  | +Blink rElec rCorr Stlth+} (Okawaru gifted it to you on
                  | level 2 of the Depths)
 46211 | Depths:2 | Received a gift from Okawaru
 46259 | Depths:2 | Identified the amulet "Mowom" {Spirit rF++ Regen+ rCorr
                  | Str+3}
 46268 | Depths:2 | Identified the orb of Rank {light, Dex+2}
 46275 | Depths:2 | Identified the amulet of Doubt {Drain rF+ rN+ Regen+ Dex+3}
 46626 | Depths:3 | Reached XP level 23. HP: 190/194 MP: 24/24
 46633 | Depths:3 | Noticed a juggernaut
 46664 | Depths:3 | Killed a juggernaut
 46705 | Depths:3 | Received a gift from Okawaru
 46979 | Depths:3 | Identified the +9 spear "Liryig" {freeze, rCorr Dex+2}
 47124 | Depths:3 | Reached skill level 10 in Invocations
 47475 | Depths:4 | Entered Level 4 of the Depths
 48009 | Depths:4 | Received a gift from Okawaru
 48026 | Depths:4 | Found a gate to the Realm of Zot.
 48194 | Depths:4 | Received a gift from Okawaru
 48752 | Vaults:5 | Entered Level 5 of the Vaults
 48799 | Vaults:5 | Identified the +2 pair of gloves "Waageiz" {Regen+ Slay+5}
                  | (Okawaru gifted it to you on level 5 of the Vaults)
 48799 | Vaults:5 | Received a gift from Okawaru
 48858 | Vaults:5 | Reached skill level 14 in Fighting
 49020 | Vaults:5 | Noticed an ancient lich
 49033 | Vaults:5 | Killed an ancient lich
 49089 | Vaults:5 | Identified the +9 long sword "Laisos" {flame, Str-4 Int+6}
 49139 | Vaults:5 | Reached skill level 15 in Fighting
 49318 | Vaults:5 | Gained mutation: You are completely covered in sharp
                  | spines. [demonic ancestry]
 49318 | Vaults:5 | Reached XP level 24. HP: 207/207 MP: 27/27
 49319 | Vaults:5 | Noticed an ancient lich
 49333 | Vaults:5 | Killed an ancient lich
 49377 | Vaults:5 | Reached skill level 16 in Fighting
 49565 | Vaults:5 | Identified the +1 buckler of a volcano {rElec} (Okawaru
                  | gifted it to you on level 5 of the Vaults)
 49565 | Vaults:5 | Received a gift from Okawaru
 49614 | Vaults:5 | Reached skill level 17 in Fighting
 49920 | Vaults:5 | Got a silver rune of Zot
 50083 | Vaults:5 | Got the Codex of Snow-white Transfiguration
 50165 | Vaults:5 | Got the Opusculum on Shifting Allies
 50335 | Vaults:5 | Reached skill level 18 in Fighting
 50796 | Zot:1    | Entered Level 1 of the Realm of Zot
 50957 | Zot:1    | Found a large runed translucent door.
 50957 | Zot:1    | Found a large runed translucent door.
 51345 | Zot:1    | Noticed Bealaq's ghost (legendary GnFE)
 51532 | Zot:1    | Identified the +0 robe of Free Will {*Corrode rPois Str+5
                  | SInv}
 51786 | Zot:1    | Killed Bealaq's ghost
 51788 | Zot:1    | Identified the ring "Titz" {Ice Will+++ Str+2 Int-4 SInv}
 51850 | Zot:2    | Reached skill level 19 in Fighting
 51987 | Zot:2    | Noticed an orb of fire
 51994 | Zot:2    | Gained mutation: Armour fits poorly on your strangely
                  | shaped body. [an orb of fire]
 52000 | Zot:2    | Killed an orb of fire
 52083 | Zot:2    | Noticed an orb of fire
 52099 | Zot:2    | Killed an orb of fire
 52151 | Zot:2    | You are sucked into a shaft and drop 2 floors!
 52176 | Zot:4    | Identified the +3 chain mail of the Trout {rCorr} (Okawaru
                  | gifted it to you on level 4 of the Realm of Zot)
 52176 | Zot:4    | Received a gift from Okawaru
 52213 | Zot:4    | Found a transporter.
 52225 | Zot:4    | Noticed a dread lich
 52263 | Zot:4    | Found a transporter.
 52280 | Zot:4    | Found a transporter.
 52285 | Zot:4    | Found a bloodstained altar of Trog.
 52285 | Zot:4    | Identified the -1 cloak "Wyzaor" {Rampage}
 52297 | Zot:4    | Identified the +2 cloak of Free Will {rPois rF- Dex+3 SInv}
 52301 | Zot:4    | Noticed Toid's ghost (veteran OgBe)
 52335 | Zot:4    | Reached skill level 20 in Fighting
 52877 | Zot:4    | Found a transporter.
 52930 | Zot:3    | Gained mutation: A powerful demonic guardian rushes to your
                  | aid. [demonic ancestry]
 52930 | Zot:3    | Reached XP level 25. HP: 188/233 MP: 27/27
 53529 | Zot:3    | Reached skill level 21 in Fighting
 53687 | Zot:2    | Got the Tome of Lightning and the Volley
 54129 | Zot:2    | Noticed an orb of fire
 54138 | Zot:2    | Gained mutation: You are occasionally teleported next to
                  | monsters. [an orb of fire]
 54144 | Zot:2    | Killed an orb of fire
 54287 | Zot:5    | Entered Level 5 of the Realm of Zot
 54383 | Zot:4    | Reached skill level 22 in Fighting
 54417 | Zot:4    | Killed a dread lich
 54417 | Zot:4    | Identified the +0 cloak of Imperfection {rElec rCorr Str+2}
                  | (Okawaru gifted it to you on level 4 of the Realm of Zot)
 54417 | Zot:4    | Received a gift from Okawaru
 54423 | Zot:4    | Noticed an orb of fire
 54424 | Zot:4    | Gained mutation: Your body sometimes deteriorates upon
                  | taking damage. [an orb of fire]
 54435 | Zot:4    | Gained mutation: Your magical capacity is very low. (-20%
                  | MP) [an orb of fire]
 54438 | Zot:4    | Killed an orb of fire
 54603 | Zot:4    | Identified the +2 hat of Ubiquitous Brilliance {rElec rC+
                  | Dex+3}
 54630 | Zot:4    | Identified the ring of Sufak {rPois rC+ Will+ Int+6}
 54982 | Zot:5    | Noticed a dread lich
 54982 | Zot:5    | Noticed an orb of fire
 54982 | Zot:5    | Noticed a Killer Klown
 54982 | Zot:5    | Noticed an orb of fire
 54985 | Zot:5    | Noticed a Killer Klown
 54985 | Zot:5    | Noticed an orb of fire
 54985 | Zot:5    | Noticed an orb of fire
 54986 | Zot:5    | Gained mutation: You do not regenerate when monsters are
                  | visible. [an orb of fire]
 54988 | Zot:5    | Gained mutation: Your magical capacity is extremely low.
                  | (-30% MP) [an orb of fire]
 54988 | Zot:5    | Noticed an orb of fire
 54996 | Zot:5    | Gained mutation: You are very weak. (Str -4) [an orb of
                  | fire]
 54997 | Zot:5    | Lost mutation: You do not regenerate when monsters are
                  | visible. [an orb of fire]
 55018 | Zot:5    | Noticed a Killer Klown
 55024 | Zot:5    | Killed an orb of fire
 55024 | Zot:5    | Gained mutation: Your body often deteriorates upon taking
                  | damage. [an orb of fire]
 55025 | Zot:5    | Reached skill level 23 in Fighting
 55027 | Zot:5    | Killed an orb of fire
 55031 | Zot:5    | Killed an orb of fire
 55052 | Zot:5    | Lost mutation: You are covered in fur. (AC +1) [an orb of
                  | fire]
 55053 | Zot:5    | Killed an orb of fire
 55058 | Zot:5    | Killed a Killer Klown
 55064 | Zot:5    | Noticed an ancient lich
 55064 | Zot:5    | Noticed a dread lich
 55069 | Zot:5    | Noticed an orb of fire
 55069 | Zot:5    | Noticed a Killer Klown
 55069 | Zot:5    | Noticed an orb of fire
 55069 | Zot:5    | Noticed an ancient lich
 55069 | Zot:5    | Noticed an orb of fire
 55069 | Zot:5    | Noticed an orb of fire
 55070 | Zot:5    | Gained mutation: You occasionally lose the ability to drink
                  | potions when taking damage. [an orb of fire]
 55082 | Zot:5    | Killed a dread lich
 55083 | Zot:5    | Killed an orb of fire
 55092 | Zot:5    | Killed a Killer Klown
 55093 | Zot:5    | Reached skill level 24 in Fighting
 55107 | Zot:5    | Killed a Killer Klown
 55118 | Zot:5    | HP: 5/241 [shadow dragon/bolt of negative energy (9)]
 55175 | Zot:5    | Noticed an ancient lich
 55186 | Zot:5    | Killed an ancient lich
 55293 | Zot:5    | Killed a Killer Klown
 55351 | Zot:5    | Gained mutation: You are resistant to unholy torment.
                  | [demonic ancestry]
 55351 | Zot:5    | Reached XP level 26. HP: 241/256 MP: 21/21
 55362 | Zot:5    | Killed an orb of fire
 55362 | Zot:5    | Received a gift from Okawaru
 55368 | Zot:5    | Gained mutation: Potions are less effective at restoring
                  | your health. [an orb of fire]
 55375 | Zot:5    | Killed an orb of fire
 55393 | Zot:5    | Killed an orb of fire
 55468 | Zot:5    | Gained mutation: You have hidden genetic defects. [an orb
                  | of fire]
 55479 | Zot:5    | Killed an orb of fire
 55480 | Zot:5    | Reached skill level 25 in Fighting
 55501 | Zot:5    | Killed a dread lich
 55501 | Zot:5    | Identified the +2 ring mail of Spaghetti {Fly rC+} (Okawaru
                  | gifted it to you on level 5 of the Realm of Zot)
 55501 | Zot:5    | Received a gift from Okawaru
 55548 | Zot:5    | Killed an ancient lich
 55563 | Zot:5    | Killed an ancient lich
 56263 | Zot:5    | Upgraded the game from 0.31-a0-538-gbc85326fa9 to
                  | 0.31-a0-542-gdc2a67831c
 56726 | Slime:1  | Entered Level 1 of the Pits of Slime
 56832 | Slime:1  | Gained mutation: You are dopey. (Int -2) [a shining eye]
 56833 | Slime:1  | Gained mutation: You are vulnerable to cold. (rC-) [a
                  | shining eye]
 56835 | Slime:1  | Lost mutation: You have hidden genetic defects. [potion of
                  | mutation]
 56835 | Slime:1  | Lost mutation: You are partially covered in large bone
                  | plates. (SH +4) [potion of mutation]
 56835 | Slime:1  | Lost mutation: You are robust. (+10% HP) [potion of
                  | mutation]
 56835 | Slime:1  | Lost mutation: You are dopey. (Int -2) [potion of mutation]
 56836 | Slime:1  | Lost mutation: You are occasionally teleported next to
                  | monsters. [potion of mutation]
 56836 | Slime:1  | Lost mutation: Potions are less effective at restoring your
                  | health. [potion of mutation]
 56902 | Lair:4   | Fell from the grace of Okawaru
 56902 | Lair:4   | Became a worshipper of Jiyva Jaol the Shapeless
 57242 | Crypt:1  | Entered Level 1 of the Crypt
 57714 | Crypt:1  | Identified the +5 war axe "Ohiury" {vamp, MP+9 Int+5}
 58212 | Crypt:2  | Reached * piety under Jiyva
 58624 | Crypt:2  | Identified the +7 chain mail "Pazxuekk" {rC+}
 58819 | Crypt:2  | Noticed a royal mummy
 58839 | Crypt:2  | Killed a royal mummy
 58907 | Crypt:2  | Noticed a royal mummy
 58908 | Crypt:2  | Noticed Khufu
 59089 | Crypt:1  | Killed Khufu
 59117 | Crypt:2  | Killed a royal mummy
 59379 | Crypt:2  | Identified the +8 chain mail of the Orb Guardian {rPois}
 61279 | Crypt:3  | Entered Level 3 of the Crypt
 61579 | Crypt:3  | Found a basalt altar of Yredelemnul.
 61590 | Crypt:3  | Reached skill level 26 in Fighting
 61794 | Crypt:3  | Gained mutation: You can hurl damnation. [demonic ancestry]
 61794 | Crypt:3  | Reached XP level 27. HP: 245/245 MP: 21/21
 61971 | Crypt:3  | Noticed a dread lich
 61976 | Crypt:3  | Killed a dread lich
 62021 | Crypt:3  | Noticed Vv
 62046 | Crypt:3  | Killed Vv
 62113 | Crypt:3  | Identified the +1 leather armour of Ybronebu {rF+ rN+ Str-3
                  | SInv}
 62231 | Crypt:3  | Found a staircase to the Tomb.
 63391 | Depths:1 | Voluntarily entered the Abyss.
 63391 | Abyss:4  | Found a corrupted altar of Lugonu.
 63402 | Abyss:4  | Reached ** piety under Jiyva
 63789 | Abyss:4  | Got an abyssal rune of Zot
 63823 | Depths:1 | Escaped the Abyss
 63856 | Hell     | Entered the Vestibule of Hell
 63856 | Hell     | Noticed Geryon
 63856 | Hell     | Reached *** piety under Jiyva
 63902 | Hell     | Killed Geryon
 63928 | Hell     | Lost mutation: Armour fits poorly on your strangely shaped
                  | body. [Jiyva's grace]
 63928 | Hell     | Lost mutation: Your body often deteriorates upon taking
                  | damage. [Jiyva's grace]
 63928 | Hell     | Lost mutation: Your magical capacity is extremely low.
                  | (-30% MP) [Jiyva's grace]
 63928 | Hell     | Lost mutation: Your magical capacity is very low. (-20% MP)
                  | [Jiyva's grace]
 63928 | Hell     | Lost mutation: Your magical capacity is low. (-10% MP)
                  | [Jiyva's grace]
 63928 | Hell     | Lost mutation: You are very weak. (Str -4) [Jiyva's grace]
 63928 | Hell     | Lost mutation: You occasionally lose the ability to drink
                  | potions when taking damage. [Jiyva's grace]
 63928 | Hell     | Gained mutation: Your rubbery body absorbs attacks. (AC +1,
                  | EV +1) [Jiyva's grace]
 63928 | Hell     | Gained mutation: Your pliable body absorbs attacks. (AC +2,
                  | EV +2) [Jiyva's grace]
 63928 | Hell     | Gained mutation: Your gelatinous body deflects attacks. (AC
                  | +3, EV +3) [Jiyva's grace]
 63928 | Hell     | Gained mutation: You expend magic power (3 MP) to
                  | strengthen your wands. [Jiyva's grace]
 63952 | Hell     | Noticed Murray
 63968 | Hell     | Killed Murray
 64081 | Hell     | Found a gateway to the ashen valley of Gehenna.
 64163 | Hell     | Gained mutation: You are dopey. (Int -2) [a cacodemon]
 64289 | Hell     | Found a gateway to the freezing wastes of Cocytus.
 64360 | Hell     | Found a gateway to the decaying netherworld of Tartarus.
 64539 | Hell     | Found a gateway to the Iron City of Dis.
 64901 | Pan      | Entered Pandemonium
 64973 | Pan      | Reached **** piety under Jiyva
 64993 | Pan      | Was forgiven by Okawaru
 65107 | Pan      | Identified the +9 quarterstaff of the Morning {elec, rF+
                  | Will+}
 65202 | Pan      | Gained mutation: You are frail. (-10% HP) [a neqoxec]
 65223 | Pan      | Gained mutation: You are very vulnerable to cold. (rC--) [a
                  | cacodemon]
 65227 | Pan      | Lost mutation: Your body sometimes deteriorates upon taking
                  | damage. [a cacodemon]
 65237 | Pan      | Entered the realm of Lom Lobon.
 65237 | Pan      | Noticed Lom Lobon
 65258 | Pan      | Killed Lom Lobon
 65400 | Pan      | Got a magical rune of Zot
 65636 | Pan      | Reached skill level 27 in Fighting
 65910 | Pan      | Reached ***** piety under Jiyva
 66076 | Pan      | Noticed Godyebet the pandemonium lord
 66094 | Pan      | Killed Godyebet the pandemonium lord
 66100 | Pan      | Lost mutation: You are dopey. (Int -2) [Jiyva's grace]
 66100 | Pan      | Lost mutation: You are very vulnerable to cold. (rC--)
                  | [Jiyva's grace]
 66100 | Pan      | Lost mutation: You expend magic power (3 MP) to strengthen
                  | your wands. [Jiyva's grace]
 66100 | Pan      | Gained mutation: You have acidic saliva. [Jiyva's grace]
 66100 | Pan      | Gained mutation: You have very sharp teeth. [Jiyva's grace]
 66100 | Pan      | Gained mutation: You have extremely sharp teeth. [Jiyva's
                  | grace]
 66100 | Pan      | Gained mutation: You have razor-sharp teeth. [Jiyva's
                  | grace]
 66276 | Pan      | Identified the +4 ring mail "Giabidiy" {Str+3}
 66353 | Pan      | Found an exit through the horrors of the Abyss.
 66442 | Pan      | Entered the realm of Mnoleg.
 66563 | Pan      | Gained mutation: You are clumsy. (Dex -2) [a neqoxec]
 66572 | Pan      | Noticed Mnoleg
 66575 | Pan      | Gained mutation: You are very weak. (Str -4) [Mnoleg's
                  | mutagenic touch]
 66606 | Pan      | Killed Mnoleg
 66615 | Pan      | Gained mutation: Your body sometimes deteriorates upon
                  | taking damage. [a neqoxec]
 66891 | Pan      | Got a glowing rune of Zot
 66966 | Pan      | Gained mutation: Armour fits poorly on your strangely
                  | shaped body. [a neqoxec]
 67017 | Pan      | Found an exit through the horrors of the Abyss.
 67096 | Pan      | Reached skill level 1 in Evocations
 67474 | Pan      | Reached skill level 5 in Evocations
 67800 | Pan      | Noticed Ocyor the pandemonium lord
 67802 | Pan      | HP: 10/224 [hellion/damnation (29)]
 67802 | Pan      | Killed from afar by a hellion

Illustrated notes

Levels and vault maps discovered:
D:1:      wander_arrival_lonely_grave, layout_loops_corners, serial_shops, shop,
          palyth_stone_intersect
D:2:      layout_loops_ring, ebering_ecumenical_altar_box, basic_altar
D:3:      layout_basic, moated_statue, uniq_robin
D:4:      layout_loops_ring, minmay_temple_entry_crystal_x,
          hangedman_abyss_or_decor_passed, grunt_decor_cap, uniq_pargi
D:5:      layout_cave_pools, nicolae_uskayaw_suspiria,
          nicolae_underground_beach, uniq_menkaure
D:6:      layout_basic, doesnt_xom_only_xom, chequers_serial_rivers_small_3,
          reono_crystal_passage, monkooky_shop_mail_order, uniq_maggie,
          uniq_eustachio, uniq_sigmund
D:7:      layout_cave_pools, uniq_joseph
D:8:      kennysheep_seaside_town, layout_loops_ring, enter_ossuary_5,
          serial_shops, shop, gammafunk_ghost_split, nicolae_two_hexagons,
          uniq_pikel
D:9:      layout_rooms, minitemple, tgw_trog, due_lair_maze_entry_diamond,
          orc_0_dummy, serial_shops, nicolae_shop_pleasant_corner_grove
D:10:     layout_loops_ring, bloody_makhleb, special_room [special_room_orc],
          uniq_josephine
D:11:     cheibrodos_lost_city_excavation, layout_loops_ring
D:12:     layout_roguey, portal_ice_cave_entry_pillars_1,
          fedhas_bush_and_centaur_altar
D:13:     layout_stronghold, david_vaults_1
D:14:     minmay_octo_star, layout_basic, kennysheep_minor_cross,
          nicolae_vehumet_altar_sigil
D:15:     grunt_enter_depths_hoard, layout_basic, serial_shops,
          nicolae_inconvenience_store, lemuel_tele_altar, uniq_nessos
Temple:   nicolae_temple_bog_church
Lair:1:   layout_cave_pods, nicolae_volcano_entry_lava_flow, lemuel_fruit_tree
Lair:2:   layout_regular_city
Lair:3:   layout_long_grid, palyth_hydra_swamp_entry,
          nicolae_spider_entry_lesser_pyramids, nicolae_lair_run_with_the_wolves
Lair:4:   dreamdust_isle_of_ice, layout_misc_corridors, dpeg_slime_entry_corner,
          pond, infiniplex_staircase_pool, lemuel_fruit_fields,
          grunt_megastairs_3
Lair:5:   gammafunk_lair_ancient_temple, layout_loops_ring, uniq_snorg
Swamp:1:  layout_basic_swamp, nicolae_swamp_godswood
Swamp:2:  nicolae_swamp_flooded_prison, layout_falls_marsh,
          nicolae_swamp_bean_lake, swamp_pool1
Swamp:3:  layout_basic_swamp, ebering_ghost_funeral_grove,
          nicolae_swamp_triple_paths, swamp_pool4
Swamp:4:  swamp_icy, layout_basic_swamp, swamp_pool5, uniq_donald,
          uniq_mlioglotl
Spider:1: layout_spider_delve, nicolae_spider_bug_shape
Spider:2: layout_cave_pods, uniq_arachne
Spider:3: layout_spider_delve, hellmonk_ghost_happy_afterlife, uniq_asterion
Spider:4: spider_rune_water, nicolae_orb_stairs
Slime:1:  layout_caves, nicolae_slime_ancient_tower_intersection
Orc:1:    layout_caves, gammafunk_ghost_arena, serial_shops, shop, special_room
          [special_room_orc]
Orc:2:    grunt_orc_community_town_hall, layout_caves,
          grunt_orc_community_big_house_1, grunt_orc_community_big_house_2,
          grunt_orc_community_house_3, grunt_orc_community_house_3,
          grunt_orc_community_house_3, grunt_orc_community_house_2
Elf:1:    nicolae_elf_arrival_fired_up, layout_loops_cross, serial_shops, shop,
          minmay_elf_demonology, drop_trap, minivault_19
Elf:2:    elven_hall_of_blades_hangedman_original
          [nicolae_blade_entry_pointy_end], layout_rooms
Elf:3:    nooodl_elf_gasket, layout_geoelf_castle, mu_enter_wizlab_7
Vaults:1: nicolae_vaults_wrenched, vaults_room_stairs_pillars,
          hangedman_vaults_nodes, v_misc_10, nicolae_vaults_diamond_1,
          nicolae_vaults_big_ls, nicolae_vaults_rhombus_6,
          nicolae_vaults_little_squares_2, vaults_mumra_minichess,
          nicolae_vaults_alarming, nicolae_vaults_two_Ls,
          nicolae_vaults_circle_grid_b, vaults_dpeg_emergency_exit,
          nicolae_vaults_house_3, layout_vaults_ring,
          nicolae_trove_entry_columns, uniq_saint_roka
Vaults:2: v_alt_pattern_6, nicolae_vaults_more_shelving_2,
          ontoclasm_vaults_spin, minmay_crypt_entry_simple_sparse,
          nicolae_vaults_asterisk, nicolae_vaults_library_corner, serial_ice_g,
          layout_vaults_omnigrid
Vaults:3: nicolae_vaults_tangram_2, st_squares, ontoclasm_vaults_tryst,
          nicolae_vaults_house_3, nicolae_vaults_diagonal_hallway_8,
          hangedman_vaults_maws, ontoclasm_vaults_shuriken,
          nicolae_vaults_little_squares_5, nicolae_vaults_spaceships,
          nicolae_vaults_diamond_1, hangedman_vaults_maws,
          nicolae_vaults_trapezoid_lopsided_3, vaults_room_fours,
          dpeg_vaults_monster_box, layout_vaults_omnicross, uniq_mennas
Vaults:4: v_misc_29, grunt_vaults_focal, vaults_room_pools,
          nicolae_vaults_diagonal_hallway_8, special_room_vaults
          [special_room_orc], ontoclasm_vaults_pinch,
          nicolae_vaults_trapezoid_2, nicolae_vaults_diagonal_hallway_6,
          hangedman_vaults_snaps, grunt_vaults_swirl,
          nicolae_vaults_storage_closets_2, nicolae_vaults_two_Ls,
          nicolae_vaults_trapezoid_1, vaults_room_grid, hangedman_vaults_slice,
          v_misc_2, nicolae_vaults_shelves_hall,
          nicolae_vaults_oval_intersection, layout_vaults_maze_snakey,
          uniq_margery
Vaults:5
Crypt:1:  layout_misc_corridors, grunt_crypt_arrival_guarded_gate,
          grunt_megastairs_4
Crypt:2:  ragdoll_tomb_raider, layout_rooms, st_stairs_14, grunt_ministairs_1
Crypt:3:  grunt_crypt_end_deaths_head, uniq_vv
Depths:1: layout_basic, hell_entry, tso_altar, gammafunk_ghost_arena,
          nicolae_abyss_entry_one_way_or_another, minmay_misc_feat_columns,
          hellmonk_scarab_ruin
Depths:2: gammafunk_its_a_trap, layout_cave_pools, enter_ziggurat_d, hell_entry,
          serial_shops, shop, rand_demon_pan_entry_9, serial_bayou_pond_c,
          infiniplex_staircase_pool_1
Depths:3: grunt_x_marks_the_spot, layout_small_grid, pf_coc_iceberg,
          kennysheep_cross_bottleneck, hangedman_abyss_entry_splay,
          infiniplex_staircase_zigzag_1
Depths:4: grunt_zot_entry_pinwheel, layout_long_grid, hell_entry,
          nicolae_lava_and_water
Hell
Zot:1:    layout_cathedral_of_symmetry, ebering_ghost_disaster_area
Zot:2:    layout_misc_corridors, st_stairs_7
Zot:3:    layout_basic, uniq_parghit
Zot:4:    gammafunk_the_bubble [the_bubble_gammafunk_grid],
          layout_onion_interference, gammafunk_ghost_wrathful_warriors
Zot:5:    layout_cellular_growth
Pan:      evilmike_mini_pan_branches, layout_irregular_city,
          pan_blood_fountain_small, evilmike_mini_pan_layers, layout_stronghold,
          nicolae_pan_cerebovesque_3, lom_lobon_st, layout_basic,
          nicolae_pan_mnolegish_4, evilmike_mini_pan_possible_glass,
          layout_cross, gammafunk_dig_for_victory, layout_grid_shapes,
          mnoleg_grunt_wretched_star, layout_grid_shapes, pan_blood_fountain_2,
          lemuel_hellion_island, layout_pan_divisions_a
          [pan_division_quadrant_a6, pan_division_quadrant_a4,
          pan_division_quadrant_a3, pan_division_quadrant_a1,
          pan_division_octagon_box]

Skill      XL: |  1  2  3  4  5  6  7  8  9 10 11 12 13 14 15 16 17 18 19 20 21 22 23 24 25 26 27 |
---------------+----------------------------------------------------------------------------------+-----
Axes           | 3 4 5 7 10 12 14 15 16 17 20 21 23 24 | 24.0
Armour         | 1 2 3 5 10 12 13 17 19 20 21 22 24 | 24.0
Invocations    | 4 5 10 | 10.0
Dodging        | 4 6 8 9 11 14 19 20 22 24 25 | 25.6
Fighting       | 3 5 6 7 10 11 13 15 20 24 26 27 | 27.0
Throwing       | 6 |  6.0
Evocations     | 5 |  5.5

Action                     |  1- 3 |  4- 6 |  7- 9 | 10-12 | 13-15 | 16-18 | 19-21 | 22-24 | 25-27 || total
---------------------------+-------+-------+-------+-------+-------+-------+-------+-------+-------++-------
  Melee: War axe           |    89 |    98 |   140 |       |       |       |       |       |       ||   327
         Punch             |     2 |       |     3 |     2 |     1 |       |       |       |       ||     8
         Kick              |       |    16 |    99 |   155 |   268 |   617 |   630 |   782 |  1455 ||  4022
         Battleaxe         |       |       |   177 |   434 |   765 |   647 |  1404 |  1297 |  2545 ||  7269
         Whip              |       |       |       |    29 |       |       |       |       |       ||    29
         Broad axe         |       |       |       |    24 |    18 |       |       |       |       ||    42
         Executioner's axe |       |       |       |       |    11 |   699 |       |   248 |       ||   958
         Bite              |       |       |       |       |       |       |       |       |    59 ||    59
  Throw: Dart              |       |     4 |     5 |     3 |       |    84 |       |       |       ||    96
         Throwing net      |       |       |     1 |       |       |       |       |       |       ||     1
         Javelin           |       |       |       |       |       |       |       |     3 |    38 ||    41
 Invoke: Heroism           |       |       |     3 |     4 |     5 |     7 |    14 |    20 |     6 ||    59
         Finesse           |       |       |       |       |       |       |       |     1 |     1 ||     2
         Slimify           |       |       |       |       |       |       |       |       |     1 ||     1
Ability: Hurl Damnation    |       |       |       |       |       |       |       |       |     5 ||     5
  Evoke: Wand              |       |       |       |       |     5 |    12 |       |     1 |     2 ||    20
         Condenser vane    |       |       |       |       |     1 |     1 |     1 |     1 |       ||     4
    Use: Potion            |       |     8 |       |     2 |     1 |     1 |     2 |     4 |    25 ||    43
         Scroll            |       |       |     9 |    10 |     8 |     2 |    10 |    16 |     9 ||    64
   Stab: Sleeping          |     1 |       |       |     1 |       |       |       |       |     1 ||     3
         Held in net/web   |       |       |     4 |       |       |     3 |       |       |       ||     7
         Confused          |       |       |       |       |     2 |     6 |     6 |     4 |       ||    18
         Distracted        |       |       |       |       |     1 |     2 |       |     1 |    13 ||    17
         Invisible         |       |       |       |       |       |       |       |     3 |       ||     3
 Armour: Leather armour    |     3 |       |       |       |       |       |       |       |       ||     3
         Ring mail         |    26 |    38 |    85 |    49 |       |       |       |       |       ||   198
         Scale mail        |       |       |    10 |       |       |       |       |       |       ||    10
         Acid dragon scale |       |       |       |    58 |       |       |       |       |       ||    58
         Fire dragon scale |       |       |       |    17 |       |       |       |       |       ||    17
         Pearl dragon scal |       |       |       |    10 |   207 |   119 |   348 |   340 |   468 ||  1492
         Chain mail        |       |       |       |       |       |   448 |    61 |       |       ||   509
  Dodge: Dodged            |    81 |    77 |   260 |   424 |   607 |  1605 |  1279 |  1290 |  1919 ||  7542
         Repelled          |       |     1 |     1 |     3 |    13 |    15 |    32 |    34 |    41 ||   140
  Block: Other             |       |       |       |    49 |   126 |   256 |   215 |   147 |    51 ||   844

Table legend: (Time is in decaauts)
 A = Elapsed time spent in this place.
 B = Non-inter-level travel time spent in this place.
 C = Inter-level travel time spent in this place.
 D = Time resting spent in this place.
 E = Time spent auto-exploring this place.
 F = Levels seen in this place.
 G = Mean time per level.
                   A        B        C        D        E       F      G
               +--------+--------+--------+--------+--------+-----+--------+
         Total |  65104 |  56558 |   8546 |   3519 |  38944 |  67 |  971.7 |
       Dungeon |  16414 |  13430 |   2984 |    811 |  10064 |  15 | 1094.3 |
        Temple |     34 |      2 |     32 |      0 |      0 |   1 |   34.0 |
          Lair |   6423 |   4784 |   1639 |     70 |   3654 |   5 | 1284.6 |
         Swamp |   3790 |   3489 |    301 |    145 |   2442 |   4 |  947.5 |
   Spider Nest |   5735 |   5496 |    239 |    352 |   3678 |   4 | 1433.8 |
    Slime Pits |    157 |    115 |     42 |      0 |     60 |   1 |  157.0 |
  Orcish Mines |   2206 |   1978 |    228 |    537 |    824 |   2 | 1103.0 |
   Elven Halls |   3456 |   3200 |    256 |     10 |   2398 |   3 | 1152.0 |
        Vaults |   8502 |   6908 |   1594 |    600 |   4797 |   5 | 1700.4 |
         Crypt |   3394 |   3186 |    208 |    344 |   1970 |   3 | 1131.3 |
        Depths |   4217 |   3598 |    619 |    127 |   2634 |   4 | 1054.2 |
          Hell |    736 |    712 |     24 |      0 |    374 |   1 |  736.0 |
           Zot |   5051 |   4675 |    376 |    138 |   3592 |   5 | 1010.2 |
         Abyss |    575 |    575 |      0 |     13 |    106 |   2 |  287.5 |
   Pandemonium |   2586 |   2586 |      0 |    266 |   1376 |   7 |  369.4 |
         Trove |     43 |     43 |      0 |      0 |     12 |   1 |   43.0 |
       Ossuary |    474 |    474 |      0 |      0 |    318 |   1 |  474.0 |
      Ice Cave |    413 |    413 |      0 |      9 |    226 |   1 |  413.0 |
       Volcano |    279 |    279 |      0 |     49 |    130 |   1 |  279.0 |
        Wizlab |    612 |    612 |      0 |     45 |    287 |   1 |  612.0 |
               +--------+--------+--------+--------+--------+-----+--------+

Top non-repeatable levels by time:
Vaults:5: 2103 daAuts
    D:13: 2003 daAuts
     D:8: 1986 daAuts
Vaults:1: 1951 daAuts
  Lair:1: 1836 daAuts
Vaults:2: 1731 daAuts
   Elf:3: 1612 daAuts
Spider:4: 1608 daAuts
Spider:3: 1496 daAuts
  Lair:3: 1462 daAuts
     D:6: 1423 daAuts
Vaults:4: 1419 daAuts
   Orc:2: 1407 daAuts
 Crypt:2: 1384 daAuts
Spider:1: 1343 daAuts
